 Dungeon Crawl Stone Soup version 0.31-a0-1591-g515db51633 (webtiles) character file.

Game seed: 6627006005160319704

738 lessens the Cleaver (level 7, 0/46 HPs)
             Began as an Octopode Monk on Jan 6, 2024.
             Succumbed to a scorpion's poison
             ... in an ossuary.
             The game lasted 00:04:20 (4208 turns).

lessens the Cleaver (Octopode Monk)                 Turns: 4208, Time: 00:04:20

Health: 0/46       AC:  1    Str: 13    XL:     7   Next: 75%
Magic:  16/16      EV: 14    Int: 12    God:
Gold:   210        SH:  0    Dex: 14    Spells: 6/6 levels left

rFire   . . .        a - +0 hand axe
rCold   . . .        c - orb {light}
rNeg    + + .        (helmet restricted)
rPois   .            (no amulet)
rElec   .            k - ring of magical power
rCorr   .            n - ring of positive energy
SInv    .            q - ring of positive energy
Will    .....        t - +4 ring of slaying
Stlth   +            (no ring)
HPRegen 0.27/turn    (no ring)
MPRegen 0.15/turn    (no ring)
                     (no ring)

%: no passive effects
@: lethally poisoned (0 -> -9), glowing
A: almost no armour, amphibious, 8 rings, camouflage 1, gelatinous body 1,
(nimble swimmer 1), tentacles
a: no special abilities


You were in an ossuary.
You visited 1 branch of the dungeon, and saw 5 of its levels.
You also visited: Ossuary.

You collected 210 gold pieces.

Inventory:

Hand Weapons
 a - a +0 hand axe (weapon)
Missiles
 e - 36 stones (quivered)
 w - 3 boomerangs
Armour
 c - an orb of light (worn)
Jewellery
 k - a ring of magical power (left tentacle)
 n - a ring of positive energy (right tentacle)
 o - a ring of ice
 q - a ring of positive energy (on tentacle)
 t - a +4 ring of slaying (on tentacle)
Wands
 m - a wand of acid (9)
Scrolls
 d - 2 scrolls of noise {unknown}
 f - 2 scrolls of teleportation {unknown}
 g - 7 scrolls of identify {unknown}
 i - a scroll of amnesia {unknown}
 l - 3 scrolls of poison {unknown}
 v - a scroll of enchant weapon {unknown}
Potions
 b - a potion of ambrosia
 h - a potion of haste {unknown}
 j - 2 potions of curing
 p - 3 potions of lignification {unknown}
 r - 2 potions of invisibility {unknown}
 s - a potion of heal wounds {unknown}
 u - 2 potions of cancellation {unknown}


   Skills:
 - Level 3.0 Fighting
 + Level 8.9 Axes
 - Level 3.0 Dodging


You had 6 spell levels left.
You didn't know any spells.
Your spell library contained the following spells:

 Spells                   Type           Power      Damage    Failure   Level
 Shock                    Conj/Air       0%         1d3       32%         1
 Sting                    Conj/Alch      0%         1d3       32%         1
 Mercury Vapours          Alch/Air       0%         N/A       45%         2
 Swiftness                Air            0%         N/A       69%         3
 Airstrike                Air            0%         2d(0-16)  97%         4
 Olgreb's Toxic Radiance  Alch           0%         N/A       97%         4


Dungeon Overview and Level Annotations

Branches:
Dungeon (5/15) Zot: 25976 Ossuary (1/1) Zot: 5821
 Temple: D:4-7

Altars:
Ru

Annotations:
D:1 2 transporters


Innate Abilities, Weirdness & Mutations

You cannot wear most types of armour.
You are amphibious.
You can wear up to eight rings at the same time.
Your skin changes colour to match your surroundings (Stealth+).
Your rubbery body absorbs attacks. (AC +1, EV +1)
((You are camouflaged when in or above water. (Stealth+)))
You have tentacles for arms and can constrict up to eight enemies at once.


Message History

You hit the scorpion. You hit the adder zombie.
You constrict the scorpion zombie.
You destroy the scorpion zombie!
The scorpion stings you. The adder zombie barely misses you.
The scorpion closely misses you. The scorpion stings you.
The adder zombie bites you.
The adder zombie attacks as it pursues you!
The adder zombie bites you. The scorpion attacks as it pursues you!
The scorpion stings you! The scorpion attacks as it pursues you!
The scorpion barely misses you. The scorpion attacks as it pursues you!
The scorpion stings you.
You are poisoned.
The scorpion poisons you!
The adder zombie attacks as it pursues you!
The adder zombie bites you.
You feel very sick. The scorpion attacks as it pursues you!
The scorpion stings you.
* * * LOW HITPOINT WARNING * * *
You feel very sick. The scorpion attacks as it pursues you!
The scorpion misses you. The scorpion attacks as it pursues you!
The scorpion barely misses you. The scorpion misses you.
The scorpion stings you.
* * * LOW HITPOINT WARNING * * *
There is an open door here.
Okay, then.
Unknown command.
You feel sick.
You feel sick.
There is a gate leading back out of this place here.
You feel sick.
You feel sick.
The scorpion fails to trigger a net trap.
There is an open door here.
It was a potion of curing.
You feel better. The scorpion stings you!
* * * LOW HITPOINT WARNING * * *
You are lethally poisoned!
The scorpion poisons you! The scorpion stings you.
* * * LOW HITPOINT WARNING * * *
Okay, then.
You die...

### ### #
#######.###.###.###
#...#.............#
#^∩^sZ...M........'
#^.s#.............#
##'####.###.###.###
#..@# ### ### #
##...## #.....#
##...## #...#
##...## #.....#
##...## #...#


There were no monsters in sight!

Vanquished Creatures
  A black bear (D:4)
  An ogre (D:3)
  A scorpion (D:4)
  3 hounds (D:4)
  2 sleepcaps (D:4)
  2 orc wizards (D:3)
  4 scorpion zombies (Ossuary)
  3 mummies
  4 gnolls
  4 adders
  2 adder zombies (Ossuary)
  4 dart slugs
  6 orcs
  6 ball pythons
  6 bats
  5 endoplasms
  4 giant cockroaches
  2 gnoll zombies (Ossuary)
  3 goblins
  7 hobgoblins
  A jackal (D:4)
  10 kobolds
  2 quokkas
  4 frilled lizards
  5 jackal zombies (Ossuary)
  2 kobold zombies (Ossuary)
  3 rats
97 creatures vanquished.

Notes
Turn   | Place    | Note
-------+----------+-------------------------------------------
     0 | D:1      | lessens the Octopode Monk began the quest for the Orb.
     0 | D:1      | Reached XP level 1. HP: 16/16 MP: 1/1
   187 | D:1      | Reached XP level 2. HP: 19/21 MP: 2/2
   475 | D:1      | Reached skill level 4 in Axes
   512 | D:1      | Reached XP level 3. HP: 20/26 MP: 3/3
   798 | D:2      | You fall into a shaft and drop 1 floor!
  2116 | D:3      | Reached skill level 5 in Axes
  2116 | D:3      | Reached XP level 4. HP: 25/31 MP: 4/4
  2118 | D:3      | Noticed an ogre
  2222 | D:3      | Killed an ogre
  2223 | D:3      | Reached skill level 6 in Axes
  2223 | D:3      | Reached XP level 5. HP: 36/36 MP: 5/5
  2464 | D:3      | Found a sacrificial altar of Ru.
  2949 | D:4      | Reached XP level 6. HP: 38/42 MP: 6/6
  2978 | D:4      | Noticed a black bear
  2983 | D:4      | Killed a black bear
  2984 | D:4      | Reached skill level 7 in Axes
  3494 | D:4      | Reached XP level 7. HP: 42/46 MP: 7/7
  3829 | D:4      | Reached skill level 8 in Axes
  3921 | D:5      | Entered Level 5 of the Dungeon
  3976 | D:5      | Found a sand-covered staircase.
  4024 | Ossuary  | Entered an ossuary
  4208 | Ossuary  | Succumbed to a scorpion's poison

Illustrated notes

Levels and vault maps discovered:
D:1:      spicycebolla_arrival_transporter_tutorial, layout_basic, st_stairs_6
D:2:      layout_basic, grunt_decor_resistance, minivault_25
D:3:      layout_basic, mainiacjoe_overflow_brackets, kennysheep_generic_room_9
D:4:      layout_loops_ring, minmay_misc_feat_enclosed, minmay_between
D:5:      layout_loops_ring, cheibriados_altar_1, mainiacjoe_overflow_catwalk,
          gup_ossuary_entry_pyramid
Ossuary:  ossuary_minmay_chase

Skill      XL: |  1  2  3  4  5  6  7 |
---------------+----------------------+-----
Axes           | 4 5 6 7 8 |  8.9
Fighting       | |  3.0
Dodging        | |  3.0

Action                     |  1- 3 |  4- 6 |  7- 9 || total
---------------------------+-------+-------+-------++-------
  Melee: Hand axe          |    70 |    63 |    65 ||   198
         Constrict         |    23 |    24 |    21 ||    68
         Tentacles         |    13 |    17 |    18 ||    48
  Throw: Stone             |       |     2 |       ||     2
  Evoke: Wand              |       |     2 |       ||     2
    Use: Potion            |       |       |     1 ||     1
   Stab: Sleeping          |     5 |       |     1 ||     6
 Armour: Skin              |    22 |    29 |    38 ||    89
  Dodge: Dodged            |    44 |    37 |    48 ||   129

Table legend: (Time is in decaauts)
 A = Elapsed time spent in this place.
 B = Non-inter-level travel time spent in this place.
 C = Inter-level travel time spent in this place.
 D = Time resting spent in this place.
 E = Time spent auto-exploring this place.
 F = Levels seen in this place.
 G = Mean time per level.
                   A        B        C        D        E       F      G
               +--------+--------+--------+--------+--------+-----+--------+
         Total |   4202 |   3968 |    234 |     87 |   3327 |   6 |  700.3 |
       Dungeon |   4023 |   3789 |    234 |     87 |   3260 |   5 |  804.6 |
       Ossuary |    179 |    179 |      0 |      0 |     67 |   1 |  179.0 |
               +--------+--------+--------+--------+--------+-----+--------+

Top non-repeatable levels by time:
     D:2: 1336 daAuts
     D:4: 1127 daAuts
     D:1: 739 daAuts
     D:3: 718 daAuts
 Ossuary: 179 daAuts
     D:5: 101 daAuts

Levels and vault maps discovered:
D:1:      spicycebolla_arrival_transporter_tutorial, layout_basic, st_stairs_6
D:2:      layout_basic, grunt_decor_resistance, minivault_25
D:3:      layout_basic, mainiacjoe_overflow_brackets, kennysheep_generic_room_9
D:4:      layout_loops_ring, minmay_misc_feat_enclosed, minmay_between
D:5:      layout_loops_ring, cheibriados_altar_1, mainiacjoe_overflow_catwalk,
          gup_ossuary_entry_pyramid
Ossuary:  ossuary_minmay_chase
